 Dungeon Crawl Stone Soup version 0.28.0 (webtiles) character file.

Game seed: 6688350978722754912

0 psuckher the Sneak (level 1, -6/18 HPs)
             Began as a Demonspawn Delver on Feb 15, 2022.
             Was an Initiate of Hepliaklqana.
             Mangled by an orc (8 damage)
             ... on level 5 of the Dungeon.
             The game lasted 00:02:29 (398 turns).

psuckher the Sneak (Demonspawn Delver)               Turns: 398, Time: 00:02:29

Health: -6/18      AC:  3    Str: 12    XL:     1   Next: 0%
Magic:  1/1        EV: 11    Int: 11    God:    Hepliaklqana [......]
Gold:   0          SH:  0    Dex: 14    Spells: 0/0 levels left

rFire   . . .      SeeInvis .   a - +0 hand axe
rCold   . . .      Faith    .   (no shield)
rNeg    . . .      Spirit   .   b - +0 leather armour
rPois   .          Reflect  .   (no helmet)
rElec   .          Harm     .   (no cloak)
rCorr   .          Rampage  .   (no gloves)
Will    .....                   (no boots)
Stlth   +.........              (no amulet)
HPRegen 0.06/turn               (no ring)
MPRegen 0.07/turn               (no ring)

@: confused
A: no striking features
a: Renounce Religion


You were on level 5 of the Dungeon.
You worshipped Hepliaklqana.
Hepliaklqana was noncommittal.
You visited 2 branches of the dungeon, and saw 2 of its levels.

Inventory:

Hand Weapons
 a - a +0 hand axe (weapon)
Armour
 b - a +0 leather armour (worn)
Wands
 g - a wand of digging (3)
Scrolls
 c - a scroll of fog
 d - a scroll of magic mapping
 e - a scroll of fear
Potions
 f - a potion of haste


   Skills:
 + Level 3.0 Fighting
 + Level 1.7 Axes
 + Level 1.7 Dodging
 + Level 4.5 Stealth


You couldn't memorise any spells.
You didn't know any spells.
Your spell library was empty.

Dungeon Overview and Level Annotations

Branches:
Dungeon (5/15)             Temple (1/1) D:5

Altars:
Elyvilon
Fedhas
Gozag
Hepliaklqana
Nemelex Xobeh
Ru
Sif Muna
Uskayaw
Vehumet
Yredelemnul
The Shining One


Message History

You hit the plant.
The plant begins to die.
The plant is lightly damaged.
You hit the plant.
The plant is lightly damaged.
You hit the plant.
The plant is lightly damaged.
You hit the plant.
The plant is lightly damaged.
You hit the plant.
The plant is lightly damaged.
A nearby plant withers and dies.
There is a hazy altar of Hepliaklqana here.
There is a hazy altar of Hepliaklqana here.
Found a basalt altar of Yredelemnul.
Found a radiant altar of Vehumet.
There is a basalt altar of Yredelemnul here.
Found a shimmering blue altar of Sif Muna.
There is a staircase back to the Dungeon here.
You climb upwards.
There is a staircase to the Ecumenical Temple here.
An orc comes into view. It is wielding a +0 war axe.
The orc shouts!
An orc comes into view. It is wielding a +0 club.
The orc moves out of view.
The orc drinks a potion.
The orc seems to grow stronger.
An orc wizard comes into view. It is wielding a +0 dagger.
The orc hits you with a +0 war axe!
Ouch! That really hurt!
* * * LOW HITPOINT WARNING * * *
The orc wizard shouts!
You barely miss the orc.
You hear a shout!
The orc wizard gestures at you while chanting.
You are confused.
The orc barely misses you. x2
You bump into the crystal wall.
The orc closely misses you.
You're too confused to move!
The orc shouts!
The orc hits you with a +0 war axe!
You die...

.......#.# ..
##.#.#...#.# #..
#..#.###(..### ...
##.##...###...##...
###..#.(......#....#.
#...##..>..##....>...
#.#........#.........
#...###...##.........
###.@o###.#..........
###o.o#.#..#.......
##......###...##.
#.#.#.## ##### #
....).# ....### ...#
...# ...#


You could see an orc wizard and 2 orcs.

Vanquished Creatures (others)
  5 plants (Temple)
5 creatures vanquished.

Notes
Turn   | Place    | Note
-------+----------+-------------------------------------------
     0 | D:5      | psuckher the Demonspawn Delver began the quest for the Orb.
     0 | D:5      | Reached XP level 1. HP: 18/18 MP: 1/1
     4 | D:5      | Found a staircase to the Ecumenical Temple.
    12 | Temple   | Entered the Ecumenical Temple
   118 | Temple   | Became a worshipper of Hepliaklqana the Forgotten
   395 | D:5      | Noticed an orc wizard
   398 | D:5      | Mangled by an orc

Illustrated notes

Levels and vault maps discovered:
D:5:      layout_rooms, minmay_temple_entry_slanted, serial_shops,
          nicolae_take_the_stairs, shop
Temple:   minmay_temple_forest_path

Action                   || total
-------------------------++-------
Melee: Hand axe          ||    16
Dodge: Dodged            ||     3
